 Dungeon Crawl Stone Soup version 0.26-a0-639-g72c4674329 (webtiles) character file.

Game seed: 15285018639030596664

357 Peloso the Skirmisher (level 6, 48/48 HPs)
             Began as a Demonspawn Fighter on Sept 18, 2020.
             Got out of the dungeon alive.
             The game lasted 00:04:52 (1962 turns).

Peloso the Skirmisher (Demonspawn Fighter)          Turns: 1962, Time: 00:04:53

Health: 48/48      AC: 13    Str: 19    XL:     6   Next: 36%
Magic:  6/6        EV:  5    Int:  9    God:
Gold:   96         SH:  9    Dex: 12    Spells: 5/5 levels left

rFire    . . .     SeeInvis .   a - +1 long sword
rCold    + . .     Faith    .   c - +0 kite shield
rNeg     . . .     Spirit   +   f - +1 chain mail {rC+}
rPois    .         Reflect  .   (helmet restricted)
rElec    .         Harm     .   (no cloak)
rCorr    .         Rampage  .   (no gloves)
MR       .....                  o - +0 pair of boots
Stlth    ..........             h - amulet of regeneration
HPRegen  0.56/turn              r - ring of wizardry
MPRegen  0.10/turn              (no ring)

@: no status effects
A: antennae 1, thin metallic scales 1, magic shield
a: no special abilities


You escaped.
You visited 1 branch of the dungeon, and saw 3 of its levels.

You collected 96 gold pieces.

Inventory:

Hand Weapons
 a - a +1 long sword (weapon)
Armour
 b - a +0 scale mail
 c - a +0 kite shield (worn)
 f - a +1 chain mail of cold resistance (worn)
 o - a +0 pair of boots (worn)
Jewellery
 h - an amulet of regeneration (around neck)
 m - an uncursed amulet of the acrobat
 n - an uncursed ring of ice
 r - a ring of wizardry (left hand)
Scrolls
 e - a scroll of teleportation {unknown}
 g - 2 scrolls of identify
 j - a scroll of noise
 l - a scroll of remove curse
Potions
 d - a potion of might
 i - a potion of haste {unknown}
 k - a potion of stabbing {unknown}
 p - 3 potions of curing {unknown}


   Skills:
 + Level 4.2 Fighting
 + Level 4.1 Long Blades
 + Level 3.3 Armour
 + Level 0.7 Dodging
 + Level 0.1 Stealth
 + Level 4.0 Shields


You had 5 spell levels left.
You didn't know any spells.
Your spell library was empty.

Dungeon Overview and Level Annotations

Branches:
Dungeon (3/15)

Altars:
Makhleb
Okawaru
Vehumet
Wu Jian
Xom
Yredelemnul


Innate Abilities, Weirdness & Mutations

You have a pair of small antennae on your head.
You are partially covered in thin metallic scales. (AC +2)
When hurt, damage is shared between your health and your magic reserves.


Message History

Your Long Blades skill increases to level 4!
Your Shields skill increases to level 4!
You have reached level 6!
Your experience leads to an increase in your attributes!
Increase (S)trength, (I)ntelligence, or (D)exterity?
You feel stronger.
Your demonic ancestry asserts itself...
A pair of antennae grows on your head!
(D) Dungeon
Where to? (Enter - D:12, ? - help)
What level of the Dungeon? (default 1, ? - help)
There is a stone staircase leading up here.
You climb upwards.
There is a stone staircase leading down here.
There is a stone staircase leading up here.
You climb upwards.
You feel a little less mighty now.
There is a stone staircase leading down here.
There is a staircase leading out of the dungeon here.
Are you sure you want to leave the Dungeon?
This will make you lose the game!
You have escaped!

##### #...####
#.#.#@.#
####.##.#
##.......#
#.....##+#
#........#
#.###.##.# ####
#.#.#.#..# ...#
#.#...####
.#.#######.#####


There were no monsters in sight!

Vanquished Creatures
  Grinder (D:3)
  A scorpion (D:3)
  Jessica (D:3)
  2 adders (D:3)
  2 oozes (D:3)
  3 worms (D:2)
  3 leopard geckos
  An orc (D:3)
  4 bats
  2 giant cockroaches (D:2)
  5 goblins
  4 hobgoblins
  3 jackals (D:3)
  3 quokkas (D:3)
  2 ball pythons (D:2)
  3 frilled lizards
  3 kobolds
  4 rats
47 creatures vanquished.

Notes
Turn   | Place    | Note
-------+----------+-------------------------------------------
     0 | D:1      | Peloso the Demonspawn Fighter began the quest for the Orb.
     0 | D:1      | Reached XP level 1. HP: 18/18 MP: 1/1
   689 | D:2      | Gained mutation: When hurt, damage is shared between your
                  | health and your magic reserves. [demonic ancestry]
   689 | D:2      | Reached XP level 2. HP: 24/24 MP: 2/2
  1005 | D:2      | Reached XP level 3. HP: 29/29 MP: 3/3
  1189 | D:3      | Found a shimmering altar of Xom.
  1189 | D:3      | Found a shimmering altar of Xom.
  1189 | D:3      | Found a shimmering altar of Xom.
  1189 | D:3      | Found a shimmering altar of Xom.
  1190 | D:3      | Found a shimmering altar of Xom.
  1224 | D:3      | Found a burning altar of Makhleb.
  1226 | D:3      | Found an iron altar of Okawaru.
  1248 | D:3      | Noticed Jessica
  1269 | D:3      | Killed Jessica
  1312 | D:3      | Gained mutation: You are partially covered in thin metallic
                  | scales. (AC +2) [demonic ancestry]
  1312 | D:3      | Reached XP level 4. HP: 37/37 MP: 4/4
  1480 | D:3      | Reached XP level 5. HP: 37/42 MP: 5/5
  1633 | D:3      | Found a basalt altar of Yredelemnul.
  1858 | D:3      | Found an ornate altar of the Wu Jian Council.
  1860 | D:3      | Found a radiant altar of Vehumet.
  1881 | D:3      | Noticed Grinder
  1890 | D:3      | Paralysed by Grinder for 3 turns
  1895 | D:3      | Killed Grinder
  1895 | D:3      | Gained mutation: You have a pair of small antennae on your
                  | head. [demonic ancestry]
  1895 | D:3      | Reached XP level 6. HP: 48/48 MP: 6/6
  1962 | D:$      | Got out of the dungeon alive.

Illustrated notes

Levels and vault maps discovered:
D:1:      onia_arrival_mini_spirals, layout_loops_ring
D:2:      layout_rooms, kennysheep_decorative_pillar, kennysheep_generic_room_4
D:3:      layout_loops_corners, lemuel_doored_altar,
          nicolae_overflow_hidden_temple, chequers_jeans, xom_redecorated,
          uniq_grinder, uniq_jessica

Skill      XL: |  1  2  3  4  5 |
---------------+----------------+-----
Shields        | 3 4 |  4.0
Long Blades    | 2 3 4 |  4.1
Armour         | 3 |  3.3
Fighting       | 4 |  4.2
Dodging        | |  0.7
Stealth        | |  0.1

Action                   |  1- 3 |  4- 6 || total
-------------------------+-------+-------++-------
Melee: Long sword        |   105 |    85 ||   190
  Use: Scroll            |     1 |     5 ||     6
       Potion            |       |     1 ||     1
Armor: Chain mail        |    48 |    77 ||   125
Dodge: Dodged            |    22 |    25 ||    47
Block: Kite shield       |    47 |    58 ||   105
       Rpst.: Long sword |     5 |     6 ||    11

Table legend: (Time is in decaauts)
 A = Elapsed time spent in this place.
 B = Non-inter-level travel time spent in this place.
 C = Inter-level travel time spent in this place.
 D = Time resting spent in this place.
 E = Time spent auto-exploring this place.
 F = Levels seen in this place.
 G = Mean time per level.
                   A        B        C        D        E       F      G
               +--------+--------+--------+--------+--------+-----+--------+
         Total |   2029 |   1924 |    105 |      0 |   1313 |   3 |  676.3 |
       Dungeon |   2029 |   1924 |    105 |      0 |   1313 |   3 |  676.3 |
               +--------+--------+--------+--------+--------+-----+--------+

Top non-repeatable levels by time:
     D:3: 780 daAuts
     D:1: 688 daAuts
     D:2: 559 daAuts
